 Dungeon Crawl Stone Soup version 0.32-a0-818-gb728d0252e (webtiles) character file.

Game seed: 3858433592013634262

1815 shadizar the Thaumaturge (level 9, -4/59 HPs)
             Began as a Djinni Earth Elementalist on Mar 24, 2024.
             Was an Initiate of Makhleb.
             Slain by an orc warrior
             ... wielding a +0 halberd
              (19 damage)
             ... on level 7 of the Dungeon.
             The game lasted 00:07:59 (4716 turns).

shadizar the Thaumaturge (DjEE)                     Turns: 4716, Time: 00:08:00

Health: -4/59      AC:  9    Str:  7    XL:     9   Next: 31%
Gold:   434        EV: 11    Int: 20    God:    Makhleb [......] SH:  5 Dex: 21

rFire   + + .        x - +9 trident "Xeary" {venom, Will+ SInv}
rCold   x . .        a - +0 buckler
rNeg    . . .        t - +0 acid dragon scales
rPois   ∞            (no helmet)
rElec   .            y - +0 cloak
rCorr   +            q - +1 pair of gloves
SInv    +            (boots unavailable)
Will    +....        (no amulet)
Stlth   ++           p - +6 ring of dexterity
HPRegen 0.29/turn    (no ring)
MPRegen 0.00/turn

%: infuse magic (-5 HP)
@: flying
A: sickness immunity, fire resistance 2, cold vulnerability 1, float, innate
caster, HP casting, extra vitality 1
a: Renounce Religion


You were on level 7 of the Dungeon.
You worshipped Makhleb.
Makhleb was noncommittal.
You visited 2 branches of the dungeon, and saw 8 of its levels.

You collected 434 gold pieces.

Inventory:

Hand Weapons
 h - a +3 whip of protection
 x - the +9 trident "Xeary" (weapon) {venom, Will+ SInv}
   (You found it on level 5 of the Dungeon)

   Will+:     It increases your willpower.
   SInv:      It lets you see invisible.
Armour
 a - a +0 buckler (worn)
 e - a scarf of shadows
 q - a +1 pair of gloves (worn)
 t - +0 acid dragon scales (worn)
 y - a +0 cloak (worn)
Jewellery
 p - a +6 ring of dexterity (left hand)
Wands
 v - a wand of flame (39)
 w - a wand of acid (11)
Scrolls
 d - a scroll of silence
 i - a scroll of fog
 k - 2 scrolls of teleportation
 n - 2 scrolls of fear
 o - 2 scrolls of enchant armour
 r - a scroll of revelation
Potions
 b - 2 potions of curing
 c - 3 potions of brilliance
 f - 2 potions of mutation
 g - a potion of haste
 j - 2 potions of ambrosia
 l - 2 potions of attraction
 m - 3 potions of might
 s - a potion of enlightenment
 u - a potion of resistance {unknown}
 z - a potion of cancellation {unknown}


   Skills:
 + Level 2.6 Fighting
 + Level 2.6 Armour
 + Level 3.9 Dodging
 + Level 3.1 Stealth
 + Level 0.7 Shields
 - Level 8.2 Spellcasting
 - Level 8.2 Conjurations
 - Level 8.2 Hexes
 - Level 8.2 Summonings
 - Level 8.2 Necromancy
 - Level 8.2 Translocations
 - Level 8.2 Fire Magic
 - Level 8.2 Ice Magic
 - Level 8.2 Air Magic
 - Level 8.2 Earth Magic
 - Level 8.2 Alchemy


You knew the following spells:

 Your Spells              Type           Power      Damage    Failure   Level
a - Sandblast             Erth           82%        2d17      1%          1
b - Passwall              Erth           41%        N/A       2%          3
c - Stone Arrow           Conj/Erth      82%        3d12      2%          3
d - Petrify               Alch/Erth      41%        N/A       9%          4
e - Brom's Barrelling Bo  Conj/Erth      41%        2d6       9%          4
f - Necrotise             Necr           100%       1d9       1%          1
g - Momentum Strike       Conj/Tloc      82%        3d10      1%          2
h - Static Discharge      Conj/Air       82%        3-7/arc   1%          2
i - Frozen Ramparts       Ice            82%        1d13      2%          3
Your spell library was empty.

Dungeon Overview and Level Annotations

Branches:
Dungeon (7/15)             Temple (1/1) D:6

Altars:
Ashenzari
Cheibriados
Dithmenos
Elyvilon
Fedhas
Gozag
Hepliaklqana
Makhleb
Nemelex Xobeh
Okawaru
Trog
Uskayaw
Wu Jian
Xom
Yredelemnul
The Shining One

Shops:
D:2 [   D:4 (


Innate Abilities, Weirdness & Mutations

You are immune to sickness and miasma.
You are immune to poison.
Your flesh is very heat resistant. (rF++)
You are vulnerable to cold. (rC-)
You float through the air rather than walking.
You learn spells naturally, not from books.
Your magical power is your life essence.
You have superior vitality. (+4 MHP)


Message History

Aim: an orc warrior, wielding a +0 halberd and wearing a +0 chain mail (lightly wounded, 73% to hit)
The stone arrow misses the orc warrior.
The orc shouts!
The orc warrior hits you from afar with a +0 halberd.
Unknown command.
Unknown command.
Casting: Stone Arrow (dangerous; 2% risk of failure)
Confirm with . or Enter, or press ? or * to list all spells.
Aiming: Stone Arrow (dangerous; 2% risk of failure)
Press: ? - help, Shift-Dir - straight line, f/p - orc warrior
Aim: an orc warrior, wielding a +0 halberd and wearing a +0 chain mail (lightly wounded, 73% to hit)
The stone arrow misses the orc warrior.
The orc warrior hits you from afar with a +0 halberd!
The orc priest invokes the aid of Beogh against you.
Beogh smites you!
* * * LOW HITPOINT WARNING * * *
Unknown command.
Unknown command.
Unknown command.
Okay, then.
The orc warrior attacks as it pursues you!
You block the orc warrior's attack.
Items here: ( ) ††.
The orc warrior attacks as it pursues you!
The orc warrior hits you from afar with a +0 halberd!
* * * LOW HITPOINT WARNING * * *
Casting: Stone Arrow (dangerous; 2% risk of failure)
Confirm with . or Enter, or press ? or * to list all spells.
Aiming: Brom's Barrelling Boulder (dangerous; 9% risk of failure)
Press: ? - help, Dir - move target, f/p - orc warrior
Aim: an orc warrior, wielding a +0 halberd and wearing a +0 chain mail (lightly wounded, 100% to hit)
You send a boulder barrelling forward!
* * * LOW HITPOINT WARNING * * *
You block the orc warrior's attack.
Your boulder slams into a wall and explodes!
The rocky shrapnel hits the orc warrior but does no damage.
The orc warrior is lightly wounded.
You feel better.
The orc warrior hits you from afar with a +0 halberd!!
You die...

######### ##### .........#
#########.... ..........#
#.......#.### #..........#
#.......#.# #..........#
#.......#.### #..........#
#............ #..........#######
#.......#.###
#.........)#.....###.......#.#..
...........o.o.@.'..............
#.........o#.....####.###.##...#
...........####### #.# #....###
...##..[.....# #<# #.##.#
#........# ### #....# #........#
###### ####.o.### ....# .....#


You could see an orc warrior, an orc priest and an orc.

Vanquished Creatures
  Pikel (D:5)
  Maggie (D:6)
  Grinder (D:3)
  A black bear (D:6)
  An ogre (D:3)
  A lemure (D:5)
  A phantom (D:5)
  A kobold brigand (D:7)
  A bullfrog (D:7)
  2 scorpions (D:6)
  A howler monkey (D:7)
  A bombardier beetle (D:5)
  2 hounds (D:5)
  A jelly (D:5)
  Robin (D:3)
  8 gnolls
  8 adders
  A shadow imp (D:5)
  A white imp (D:6)
  2 ufetubi (D:5)
  2 ribbon worms (D:4)
  4 dart slugs
  2 ball pythons
  7 endoplasms
  3 giant cockroaches
  8 hobgoblins
  4 jackals
  7 kobolds
  3 quokkas
  7 bats
  A frilled lizard (D:3)
  13 goblins
  3 rats
101 creatures vanquished.

Notes
Turn   | Place    | Note
-------+----------+-------------------------------------------
     0 | D:1      | shadizar the Djinni Earth Elementalist began the quest for
                  | the Orb.
     0 | D:1      | shadizar set off with the following spells memorised:
                  | Sandblast, Passwall, Stone Arrow, Petrify, Brom's
                  | Barrelling Boulder.
     0 | D:1      | Reached XP level 1. HP: 15/15 MP: 0/0
   189 | D:1      | Reached XP level 2. HP: 15/21 MP: 0/0
   680 | D:2      | Found a hide-covered altar of Uskayaw.
   731 | D:2      | Reached XP level 3. HP: 24/25 MP: 0/0
   731 | D:2      | Learned a level 1 spell: Necrotise
   794 | D:2      | Found Funac's Armour Shoppe.
  1075 | D:3      | Reached XP level 4. HP: 24/31 MP: 0/0
  1211 | D:3      | Found a broken altar of Ashenzari.
  1211 | D:3      | Found a white marble altar of Elyvilon.
  1211 | D:3      | Found a snail-covered altar of Cheibriados.
  1238 | D:3      | Found an ornate altar of the Wu Jian Council.
  1243 | D:3      | Found a blossoming altar of Fedhas.
  1477 | D:3      | Reached XP level 5. HP: 33/35 MP: 0/0
  1477 | D:3      | Learned a level 2 spell: Momentum Strike
  1641 | D:3      | Noticed Robin
  1644 | D:3      | Killed Robin
  1754 | D:3      | Noticed an ogre
  1773 | D:3      | Killed an ogre
  1774 | D:3      | Reached skill level 5 in Spellcasting
  1774 | D:3      | Reached skill level 5 in Conjurations
  1774 | D:3      | Reached skill level 5 in Hexes
  1774 | D:3      | Reached skill level 5 in Summonings
  1774 | D:3      | Reached skill level 5 in Necromancy
  1774 | D:3      | Reached skill level 5 in Translocations
  1774 | D:3      | Reached skill level 5 in Fire Magic
  1774 | D:3      | Reached skill level 5 in Ice Magic
  1774 | D:3      | Reached skill level 5 in Air Magic
  1774 | D:3      | Reached skill level 5 in Earth Magic
  1774 | D:3      | Reached skill level 5 in Alchemy
  1774 | D:3      | Reached XP level 6. HP: 31/40 MP: 0/0
  1888 | D:3      | Noticed Grinder
  1901 | D:3      | Killed Grinder
  1902 | D:3      | Reached XP level 7. HP: 15/45 MP: 0/0
  1902 | D:3      | Learned a level 2 spell: Static Discharge
  2560 | D:4      | Found Mounimis's Weapon Boutique.
  2709 | D:5      | Entered Level 5 of the Dungeon
  3043 | D:5      | Identified the +9 trident "Xeary" {venom, Will+ SInv}
  3293 | D:5      | Noticed Pikel
  3301 | D:5      | Killed Pikel
  3302 | D:5      | Reached XP level 8. HP: 30/50 MP: 0/0
  3500 | D:5      | Found a shimmering altar of Xom.
  3581 | D:5      | Found a burning altar of Makhleb.
  3588 | D:5      | Became a worshipper of Makhleb the Destroyer
  3597 | D:5      | Found an opulent altar of Gozag.
  3697 | D:6      | Found a staircase to the Ecumenical Temple.
  3706 | Temple   | Entered the Ecumenical Temple
  3855 | D:6      | Reached skill level 1 in Fighting
  3855 | D:6      | Reached skill level 1 in Armour
  3938 | D:6      | Found a shadowy altar of Dithmenos.
  4126 | D:6      | Noticed Maggie
  4155 | D:6      | Killed Maggie
  4156 | D:6      | Reached XP level 9. HP: 9/59 MP: 0/0
  4156 | D:6      | Learned a level 3 spell: Frozen Ramparts
  4716 | D:7      | Slain by an orc warrior

Illustrated notes

Levels and vault maps discovered:
D:1:      dpeg_arrival_snail, layout_loops_ring, dk_noncrumbling_4, st_stairs_3,
          minmay_domino_4
D:2:      layout_rooms, serial_shops, shop, basic_altar
D:3:      layout_basic, minmay_overflow_temple_hex, minmay_goblin_kobold_house,
          uniq_grinder, uniq_robin
D:4:      layout_cave_pools, serial_shops, shop, minmay_quantized
D:5:      layout_cave_pools, mainiacjoe_overflow_small_starburst,
          jmf_multi_god_temple2, uniq_pikel
D:6:      layout_loops_ring, mainiacjoe_overflow_cross_hatched,
          minmay_temple_entry_large_hall, minmay_misc_feat_hallway, uniq_maggie
D:7:      layout_basic, lemuel_coloured_pillars_altar,
          nicolae_qazlal_general_emergency
Temple:   nicolae_temple_bog_church

Skill      XL: |  1  2  3  4  5  6  7  8  9 |
---------------+----------------------------+-----
Spellcasting   | 4 5 6 8 |  8.2
Conjurations   | 4 5 6 8 |  8.2
Hexes          | 4 5 6 8 |  8.2
Summonings     | 4 5 6 8 |  8.2
Necromancy     | 4 5 6 8 |  8.2
Translocations | 4 5 6 8 |  8.2
Fire Magic     | 4 5 6 8 |  8.2
Ice Magic      | 4 5 6 8 |  8.2
Air Magic      | 4 5 6 8 |  8.2
Earth Magic    | 4 5 6 8 |  8.2
Alchemy        | 4 5 6 8 |  8.2
Fighting       | 2 |  2.6
Armour         | 2 |  2.6
Stealth        | 2 3 |  3.1
Dodging        | 3 |  3.9
Shields        | |  0.7

Action                     |  1- 3 |  4- 6 |  7- 9 || total
---------------------------+-------+-------+-------++-------
   Cast: Sandblast         |    33 |    43 |    82 ||   158
         Stone Arrow       |       |     8 |    10 ||    18
         Brom's Barrelling |       |       |     8 ||     8
    Use: Scroll            |       |       |    18 ||    18
         Potion            |       |       |     1 ||     1
 Armour: Robe              |     7 |    11 |    20 ||    38
         Acid dragon scale |       |       |     5 ||     5
  Dodge: Dodged            |     4 |     7 |    14 ||    25
  Block: Buckler           |       |       |     3 ||     3

Table legend: (Time is in decaauts)
 A = Elapsed time spent in this place.
 B = Non-inter-level travel time spent in this place.
 C = Inter-level travel time spent in this place.
 D = Time resting spent in this place.
 E = Time spent auto-exploring this place.
 F = Levels seen in this place.
 G = Mean time per level.
                   A        B        C        D        E       F      G
               +--------+--------+--------+--------+--------+-----+--------+
         Total |   4792 |   4608 |    184 |      0 |   3828 |   8 |  599.0 |
       Dungeon |   4791 |   4607 |    184 |      0 |   3828 |   7 |  684.4 |
        Temple |      1 |      1 |      0 |      0 |      0 |   1 |    1.0 |
               +--------+--------+--------+--------+--------+-----+--------+

Top non-repeatable levels by time:
     D:3: 1133 daAuts
     D:5: 1002 daAuts
     D:6: 797 daAuts
     D:1: 689 daAuts
     D:4: 536 daAuts
     D:2: 397 daAuts
     D:7: 234 daAuts
  Temple: 1 daAuts
